 Dungeon Crawl Stone Soup version 0.17-a0-1534-gf98da79 (webtiles) character file.

27 orochimarko the Grave Robber (level 2, -1/19 HPs)
             Began as a Mummy Necromancer on July 16, 2015.
             Slain by an adder (2 damage)
             ... on level 2 of the Dungeon on July 17, 2015.
             The game lasted 00:18:08 (1741 turns).

orochimarko the Grave Robber (Mummy Necromancer)    Turns: 1741, Time: 00:18:08

Health: -1/19      AC:  4    Str: 11    XL:     2   Next: 93%
Magic:  1/5        EV: 12    Int: 14    God:
Gold:   71         SH:  0    Dex: 12    Spells: 2 memorised, 3 levels left

rFire  x . .     SeeInvis .     f - +0 dagger
rCold  + . .     Clarity  .     a - +0 robe
rNeg   + + +     SustAt   .     (no shield)
rPois  ∞         Gourm    .     m - +0 helmet
rElec  .         Spirit   .     (no cloak)
rCorr  .         Warding  .     j - +0 pair of gloves
rMut   .         Stasis   .     (no boots)
MR     .....                    (no amulet)
Stlth  ++........               (no ring)
                                (no ring)

@: not resistant to hostile enchantments, unstealthy
A: no food or potions, fire vulnerability, cold resistance 1, negative energy
resistance 3, torment resistance, unbreathing
a: no special abilities


You were on level 2 of the Dungeon.
You were not hungry.

You visited 1 branch of the dungeon, and saw 2 of its levels.

You collected 71 gold pieces.

Inventory:

Hand weapons
 d - a +0 club
 f - a +0 dagger (weapon)
 i - a +0 short sword
 k - a +0 dagger
 o - a +0 whip
Missiles
 h - 13 sling bullets
 l - 51 bolts
 n - 36 stones (quivered)
Armour
 a - a +0 robe (worn)
 j - a +0 pair of gloves (worn)
 m - a +0 helmet (worn)
Scrolls
 c - a scroll of teleportation
 g - 2 scrolls of identify
 p - a scroll of amnesia
Books
 b - a book of Necromancy

   Spells                             Type                      Level
   a - Pain                           Necromancy                   1
   b - Animate Skeleton               Necromancy                   1
   c - Vampiric Draining              Necromancy                   3
   d - Regeneration                   Charms/Necromancy            3
   e - Animate Dead                   Necromancy                   4
   f - Control Undead                 Necromancy                   4


   Skills:
 + Level 1.7 Dodging
 + Level 1.5 Stealth
 + Level 2.4 Spellcasting
 + Level 4.5 Necromancy


You had 3 spell levels left.
You knew the following spells:

 Your Spells              Type           Power        Failure   Level  Hunger
a - Pain                  Necr           ##..         3%          1    N/A
b - Animate Skeleton      Necr           N/A          3%          1    N/A

Dungeon Overview and Level Annotations

Branches:
Dungeon (2/15)

Altars:


Innate Abilities, Weirdness & Mutations

You do not eat or drink.
Your flesh is vulnerable to fire.
You are immune to poison.
Your flesh is cold resistant.
You are immune to negative energy.
You are immune to unholy pain and torment.
You can survive without breathing.


Message History

The adder is moderately wounded.
The adder bites you.
Your rat skeleton misses the adder.
You hit the adder.
The adder is heavily wounded.
The adder closely misses you.
Your rat skeleton barely misses the adder.
You hit the adder but do no damage.
The adder is heavily wounded.
The adder bites you. x2
* * * LOW HITPOINT WARNING * * *
You hit the adder.
The adder is almost dead.
Your rat skeleton bites the adder.
The adder bites you.
* * * LOW HITPOINT WARNING * * *
Your rat skeleton misses the adder.
A rat comes into view.
The adder bites you.
* * * LOW HITPOINT WARNING * * *
The adder bites you.
You die...

# # #.#.#
...#.#.#.#
....#.#.#.# #####
........#.# .....
........#.# ......
....)...#.###r.....
...................
.........ZS.#.....
....)......@# ...
>...).......# .
.....$......#
............#
.###........#
....#.#####
####.#.$ #.#..
#.#..


You could see an adder, a rat and a friendly rat skeleton.

Vanquished Creatures
  A giant gecko (D:2)
  6 bats
  2 goblins
  2 hobgoblins
  4 jackals (D:1)
  A ball python (D:1)
  A giant newt (D:2)
  5 kobolds
  A rat (D:2)
  A plant (D:1)
24 creatures vanquished.

Vanquished Creatures (collateral kills)
  2 giant cockroaches (D:1)
  A hobgoblin (D:1)
3 creatures vanquished.

Grand Total: 27 creatures vanquished

Notes
Turn   | Place    | Note
--------------------------------------------------------------
     0 | D:1      | orochimarko the Mummy Necromancer began the quest for the Orb.
     0 | D:1      | Reached XP level 1. HP: 13/13 MP: 3/3
   359 | D:1      | Learned a level 1 spell: Animate Skeleton
   685 | D:1      | Upgraded the game from 0.17-a0-1533-g2f57bce to 0.17-a0-1534-gf98da79
   797 | D:1      | Reached XP level 2. HP: 19/19 MP: 0/5
  1741 | D:2      | Slain by an adder

Vault maps used:
D:1:      minmay_arrival_plants_in_alcoves, patterned_corridor

Action                   || total
-------------------------++-------
Melee: Unarmed           ||   340
       Dagger            ||    19
 Cast: Pain              ||    39
       Animate Skeleton  ||    11
  Use: Scroll            ||     4
